TOP OF THE 1ST |
University of Maine Black Bears batting - Pitching for University of Nebraska Cornhuskers : RHP Doug Haas
|
Pitching: RHP Doug Haas
|
|
Batting: RHB Justin Degon
|
0-0: Called Strike 0-1: Foul Ball, location: 2F 0-2: Ball 1-2: Reached on error, E1 (Groundball, 15S, EV 65.6 MPH)
|
Batting: LHB Dave Aguilar
|
0-0: Called Strike 0-1: Ball 1-1: Ball 2-1: Called Strike 2-2: Reached on error, E6 (Groundball, 6, EV 100.0 MPH) Justin Degon scores
|
Batting: LHB Taro Inamine
|
0-0: Foul Ball, location: 2F 0-1: Foul Ball, location: 2F 0-2: SINGLE (Groundball, P, EV 87.5 MPH) (infield hit) Dave Aguilar to third
|
Batting: SHB Mario Barajas
|
0-0: Ball 1-0: Called Strike 1-1: Foul Ball, location: 2F 1-2: Foul Ball, location: 2F 1-2: Strikes out swinging
|
Batting: LHB Ed Leighton
|
0-0: Ball 1-0: Fly out, F8 (Flyball, 8LS, EV 83.1 MPH)
|
Batting: LHB John Bergeron
|
0-0: Ball 1-0: SINGLE (Groundball, 34D, EV 108.1 MPH) Dave Aguilar scores Taro Inamine to second Runner from 2nd tries for 3rd, SAFE, throw by RF made at trailing runner, OUT! 9-6
|
Top of the 1st over - 2 runs, 2 hits, 2 errors, 1 left on base; University of Maine 2 - University of Nebraska 0 |
BOTTOM OF THE 1ST |
University of Nebraska Cornhuskers batting - Pitching for University of Maine Black Bears : RHP Tomoaki Sumi
|
Pitching: RHP Tomoaki Sumi
|
|
Batting: LHB Bob Appleby
|
0-0: Ball 1-0: Foul Ball, location: 2F 1-1: Swinging Strike 1-2: Ball 2-2: Foul Ball, location: 2F 2-2: SINGLE (Groundball, 6M, EV 95.0 MPH)
|
Batting: RHB Danny Forbes
|
0-0: Ball Bob Appleby steals 2nd base 1-0: Ground out 5-3 (Groundball, 56, EV 86.2 MPH)
|
Batting: RHB Zion Jones
|
0-0: Ball 1-0: Foul Ball, location: 2F 1-1: Fly out, F7 (Flyball, 7S, EV 88.1 MPH)
|
Batting: RHB Chris Anthony
|
0-0: Ball 1-0: Ball 2-0: Foul Ball, location: 2F 2-1: Ball 3-1: Called Strike 3-2: Strikes out swinging
|
Bottom of the 1st over - 0 runs, 1 hit, 0 errors, 1 left on base; University of Maine 2 - University of Nebraska 0 |
TOP OF THE 2ND |
University of Maine Black Bears batting - Pitching for University of Nebraska Cornhuskers : RHP Doug Haas
|
Batting: LHB John Knox
|
0-0: Fly out, F8 (Flyball, 8RXD, EV 104.4 MPH)
|
Batting: RHB Wang Huan
|
0-0: Ball 1-0: Called Strike 1-1: DOUBLE (Line Drive, 78XD, EV 105.6 MPH)
|
Batting: RHB Pita Arnurna
|
0-0: Called Strike 0-1: Foul Ball, location: 2F 0-2: Ball 1-2: Ground out 1-3 (Groundball, 15S, EV 71.9 MPH)
|
Batting: RHB Justin Degon
|
0-0: Called Strike 0-1: Ground out 6-3 (Groundball, 6, EV 96.2 MPH)
|
Top of the 2nd over - 0 runs, 1 hit, 0 errors, 1 left on base; University of Maine 2 - University of Nebraska 0 |
BOTTOM OF THE 2ND |
University of Nebraska Cornhuskers batting - Pitching for University of Maine Black Bears : RHP Tomoaki Sumi
|
Batting: RHB Mario Lopec
|
0-0: Ball 1-0: Called Strike 1-1: Foul Ball, location: 2F 1-2: Strikes out swinging
|
Batting: LHB Mike Rawson
|
0-0: Ball 1-0: Called Strike 1-1: Ball 2-1: Foul Ball, location: 2F 2-2: Ball 3-2: Foul Ball, location: 2F 3-2: Strikes out looking
|
Batting: LHB Alfonso Escalante
|
0-0: Called Strike 0-1: Ball 1-1: SINGLE (Groundball, 4, EV 100.6 MPH)
|
Batting: LHB Avicenna Abdul-Muta'al
|
0-0: Called Strike 0-1: Ball Alfonso Escalante is caught stealing 2nd base 2-6
|
Bottom of the 2nd over - 0 runs, 1 hit, 0 errors, 0 left on base; University of Maine 2 - University of Nebraska 0 |
TOP OF THE 3RD |
University of Maine Black Bears batting - Pitching for University of Nebraska Cornhuskers : RHP Doug Haas
|
Batting: LHB Dave Aguilar
|
0-0: Ground out 4-3 (Groundball, 4, EV 85.6 MPH)
|
Batting: LHB Taro Inamine
|
0-0: Fly out, F8 (Flyball, 89S, EV 78.1 MPH)
|
Batting: SHB Mario Barajas
|
0-0: Ball 1-0: Foul Ball, location: 2F 1-1: Ball 2-1: Ground out 4-3 (Groundball, 4S, EV 69.4 MPH)
|
Top of the 3rd over - 0 runs, 0 hits, 0 errors, 0 left on base; University of Maine 2 - University of Nebraska 0 |
BOTTOM OF THE 3RD |
University of Nebraska Cornhuskers batting - Pitching for University of Maine Black Bears : RHP Tomoaki Sumi
|
Batting: LHB Avicenna Abdul-Muta'al
|
0-0: Ball 1-0: Ball 2-0: Fly out, F5 (Popup, 5DF, EV 49.4 MPH)
|
Batting: RHB Will England
|
0-0: Called Strike 0-1: Called Strike 0-2: SINGLE (Groundball, 6M, EV 103.1 MPH) (infield hit)
|
Batting: LHB Bob Appleby
|
0-0: Foul Ball, location: 2F 0-1: Ball Will England is caught stealing 2nd base 2-6 1-1: Ball 2-1: Swinging Strike 2-2: Ground out U3 (Groundball, 34S, EV 83.1 MPH)
|
Bottom of the 3rd over - 0 runs, 1 hit, 0 errors, 0 left on base; University of Maine 2 - University of Nebraska 0 |
TOP OF THE 4TH |
University of Maine Black Bears batting - Pitching for University of Nebraska Cornhuskers : RHP Doug Haas
|
Batting: LHB Ed Leighton
|
0-0: Ball 1-0: Ball 2-0: Ball 3-0: Called Strike 3-1: Swinging Strike 3-2: Foul Ball, location: 2F 3-2: Foul Ball, location: 2F 3-2: SINGLE (Groundball, 5D, EV 105.0 MPH)
|
Batting: LHB John Bergeron
|
0-0: Ball 1-0: Called Strike 1-1: Called Strike 1-2: Foul Ball, location: 2F 1-2: Strikes out looking
|
Batting: LHB John Knox
|
0-0: Ball 1-0: Called Strike 1-1: Foul Ball, location: 2F 1-2: Ball 2-2: Foul Ball, location: 2F 2-2: Foul Ball, location: 2F 2-2: Foul Ball, location: 2F 2-2: Foul Ball, location: 2F 2-2: Strikes out swinging
|
Batting: RHB Wang Huan
|
0-0: Ball 1-0: Foul Ball, location: 2F 1-1: Ball 2-1: Hit by Pitch Ed Leighton to second
|
Batting: RHB Pita Arnurna
|
0-0: Called Strike 0-1: Ball 1-1: Ball 2-1: Foul Ball, location: 2F 2-2: Strikes out swinging
|
Top of the 4th over - 0 runs, 1 hit, 0 errors, 2 left on base; University of Maine 2 - University of Nebraska 0 |
BOTTOM OF THE 4TH |
University of Nebraska Cornhuskers batting - Pitching for University of Maine Black Bears : RHP Tomoaki Sumi
|
Batting: RHB Danny Forbes
|
0-0: Ball 1-0: Ball 2-0: Called Strike 2-1: Fly out, F8 (Flyball, 8RM, EV 78.1 MPH)
|
Batting: RHB Zion Jones
|
0-0: Ball 1-0: Ball 2-0: Foul Ball, location: 2F 2-1: Foul Ball, location: 2F 2-2: Ball 3-2: SINGLE (Groundball, 56D, EV 101.2 MPH)
|
Batting: RHB Chris Anthony
|
0-0: Ball Zion Jones steals 2nd, throwing error, E2 Zion Jones to third 1-0: Swinging Strike 1-1: Ground out 6-3 (Groundball, 6, EV 81.9 MPH) Zion Jones scores
|
Batting: RHB Mario Lopec
|
0-0: Foul Ball, location: 2F 0-1: Swinging Strike 0-2: Ball 1-2: Strikes out looking
|
Bottom of the 4th over - 1 run, 1 hit, 1 error, 0 left on base; University of Maine 2 - University of Nebraska 1 |
TOP OF THE 5TH |
University of Maine Black Bears batting - Pitching for University of Nebraska Cornhuskers : RHP Doug Haas
|
Batting: RHB Justin Degon
|
0-0: Called Strike 0-1: Ball 1-1: Foul Ball, location: 2F 1-2: Ball 2-2: Fly out, F8 (Flyball, 78M, EV 88.8 MPH)
|
Batting: LHB Dave Aguilar
|
0-0: Called Strike 0-1: Single, Error in OF, E9, batter to second base (Groundball, 4, EV 99.4 MPH)
|
Batting: LHB Taro Inamine
|
0-0: Ball 1-0: Ball 2-0: Swinging Strike 2-1: Called Strike 2-2: Strikes out swinging
|
Batting: SHB Mario Barajas
|
0-0: Foul Ball, location: 2F 0-1: Ball 1-1: Foul Ball, location: 2F 1-2: Ground out U3 (Groundball, 3, EV 85.0 MPH)
|
Top of the 5th over - 0 runs, 1 hit, 1 error, 1 left on base; University of Maine 2 - University of Nebraska 1 |
BOTTOM OF THE 5TH |
University of Nebraska Cornhuskers batting - Pitching for University of Maine Black Bears : RHP Tomoaki Sumi
|
Batting: LHB Mike Rawson
|
0-0: Foul Ball, location: 2F 0-1: Called Strike 0-2: Foul Ball, location: 2F 0-2: Ball 1-2: Ground out 4-3 (Groundball, 4, EV 110.6 MPH)
|
Batting: LHB Alfonso Escalante
|
0-0: Called Strike 0-1: Swinging Strike 0-2: Ball 1-2: Foul Ball, location: 2F 1-2: Strikes out swinging
|
Batting: LHB Avicenna Abdul-Muta'al
|
0-0: Foul Ball, location: 2F 0-1: Foul Ball, location: 2F 0-2: Ball 1-2: Strikes out swinging
|
Bottom of the 5th over - 0 runs, 0 hits, 0 errors, 0 left on base; University of Maine 2 - University of Nebraska 1 |
TOP OF THE 6TH |
University of Maine Black Bears batting - Pitching for University of Nebraska Cornhuskers : RHP Doug Haas
|
Pitching: RHP Ferdi Limburg
|
|
Batting: LHB Ed Leighton
|
0-0: Ball 1-0: Called Strike 1-1: Fly out, F8 (Flyball, 8LD, EV 107.5 MPH)
|
Batting: LHB John Bergeron
|
0-0: Foul Ball, location: 2F 0-1: Ball 1-1: Ball 2-1: Swinging Strike 2-2: Ball 3-2: Strikes out swinging
|
Batting: LHB John Knox
|
0-0: Ball 1-0: Called Strike 1-1: Ball 2-1: Called Strike 2-2: Strikes out swinging
|
Top of the 6th over - 0 runs, 0 hits, 0 errors, 0 left on base; University of Maine 2 - University of Nebraska 1 |
BOTTOM OF THE 6TH |
University of Nebraska Cornhuskers batting - Pitching for University of Maine Black Bears : RHP Tomoaki Sumi
|
Pitching: LHP Al Sisneros
|
|
Batting: RHB Will England
|
0-0: Ball 1-0: Ball 2-0: Foul Ball, location: 2F 2-1: Called Strike 2-2: Ball 3-2: Strikes out swinging
|
Pitching: RHP Tommy Meade
|
|
Batting: LHB Bob Appleby
|
0-0: Ball 1-0: Ground out 4-3 (Groundball, 4, EV 78.1 MPH)
|
Batting: RHB Danny Forbes
|
0-0: Ball 1-0: Called Strike 1-1: Ball 2-1: Ball 3-1: Swinging Strike 3-2: Strikes out swinging
|
Bottom of the 6th over - 0 runs, 0 hits, 0 errors, 0 left on base; University of Maine 2 - University of Nebraska 1 |
TOP OF THE 7TH |
University of Maine Black Bears batting - Pitching for University of Nebraska Cornhuskers : RHP Ferdi Limburg
|
Batting: RHB Wang Huan
|
0-0: Ground out 6-3 (Groundball, 56, EV 110.0 MPH)
|
Batting: RHB Pita Arnurna
|
0-0: Foul Ball, location: 2F 0-1: Called Strike 0-2: SINGLE (Groundball, 4MD, EV 110.0 MPH)
|
Batting: RHB Justin Degon
|
0-0: Ball 1-0: SINGLE (Groundball, 6, EV 98.8 MPH) Pita Arnurna to second
|
Batting: LHB Dave Aguilar
|
0-0: Fielders Choice at 2nd, 1-4 (Groundball, 15S, EV 62.5 MPH) Pita Arnurna to third
|
Batting: LHB Taro Inamine
|
0-0: Called Strike 0-1: Ball 1-1: Ball 2-1: Ball 3-1: Foul Ball, location: 2F 3-2: Foul Ball, location: 2F 3-2: Hit by Pitch Dave Aguilar to second
|
Batting: SHB Mario Barajas
|
0-0: Ball 1-0: Foul Ball, location: 2F 1-1: Ball 2-1: Fielders Choice at 2nd, U4 (Groundball, 4M, EV 106.9 MPH)
|
Top of the 7th over - 0 runs, 2 hits, 0 errors, 3 left on base; University of Maine 2 - University of Nebraska 1 |
BOTTOM OF THE 7TH |
University of Nebraska Cornhuskers batting - Pitching for University of Maine Black Bears : RHP Tommy Meade
|
Batting: RHB Zion Jones
|
0-0: Foul Ball, location: 2F 0-1: Ball 1-1: Ball 2-1: SINGLE (Groundball, 56S, EV 60.6 MPH) (infield hit)
|
Batting: RHB Chris Anthony
|
0-0: Ball Zion Jones steals 2nd base 1-0: Foul Ball, location: 2F 1-1: Foul Ball, location: 2F 1-2: Strikes out looking
|
Batting: RHB Mario Lopec
|
0-0: Ball 1-0: Called Strike 1-1: SINGLE (Groundball, 15S, EV 63.1 MPH) (infield hit) Zion Jones to third
|
Batting: LHB Mike Rawson
|
0-0: Ball Mario Lopec steals 2nd base 1-0: Ball 2-0: Ball 3-0: Called Strike 3-1: Base on Balls
|
Batting: LHB Alfonso Escalante
|
0-0: Foul Ball, location: 2F 0-1: Foul Ball, location: 2F 0-2: Ball 1-2: Fly out, F8 (Flyball, 8RM, EV 90.6 MPH) Runner from 3rd tags up, SCORES, no throw by CF
|
Batting: LHB Avicenna Abdul-Muta'al
|
0-0: Swinging Strike 0-1: Ball 1-1: Foul Ball, location: 2F 1-2: Ball 2-2: Ground out 3-1 (Groundball, 34, EV 89.4 MPH)
|
Bottom of the 7th over - 1 run, 2 hits, 0 errors, 2 left on base; University of Maine 2 - University of Nebraska 2 |
TOP OF THE 8TH |
University of Maine Black Bears batting - Pitching for University of Nebraska Cornhuskers : RHP Ferdi Limburg
|
Batting: LHB Ed Leighton
|
0-0: Ball 1-0: Foul Ball, location: 2F 1-1: Ball 2-1: Ground out 4-3 (Groundball, 4, EV 108.1 MPH)
|
Batting: LHB John Bergeron
|
0-0: Ball 1-0: Foul Ball, location: 2F 1-1: Called Strike 1-2: Strikes out looking
|
Batting: LHB John Knox
|
0-0: Foul Ball, location: 2F 0-1: Foul Ball, location: 2F 0-2: Strikes out swinging
|
Top of the 8th over - 0 runs, 0 hits, 0 errors, 0 left on base; University of Maine 2 - University of Nebraska 2 |
BOTTOM OF THE 8TH |
University of Nebraska Cornhuskers batting - Pitching for University of Maine Black Bears : RHP Tommy Meade
|
Pitching: RHP Ivano Benincasa
|
|
Batting: RHB Will England
|
0-0: Ground out 4-3 (Groundball, 4, EV 80.0 MPH)
|
Batting: LHB Bob Appleby
|
0-0: SINGLE (Groundball, 34, EV 94.4 MPH)
|
Batting: RHB Danny Forbes
|
0-0: Ball 1-0: Swinging Strike 1-1: Ball 2-1: SINGLE (Groundball, 56D, EV 98.8 MPH) Bob Appleby to second
|
Batting: RHB Zion Jones
|
0-0: Ball 1-0: Ball 2-0: Ball 3-0: Called Strike 3-1: Foul Ball, location: 2F 3-2: Foul Ball, location: 2F 3-2: Foul Ball, location: 2F 3-2: Strikes out looking
|
Batting: RHB Chris Anthony
|
0-0: Ball Passed Ball! Bob Appleby to third Danny Forbes to second 1-0: Foul Ball, location: 2F 1-1: Ball 2-1: SINGLE (Line Drive, 56D, EV 104.4 MPH) Bob Appleby scores Danny Forbes to third
|
Batting: RHB Mario Lopec
|
0-0: Ball 1-0: Fly out, F8 (Flyball, 8LXD, EV 95.6 MPH)
|
Bottom of the 8th over - 1 run, 3 hits, 0 errors, 2 left on base; University of Maine 2 - University of Nebraska 3 |
TOP OF THE 9TH |
University of Maine Black Bears batting - Pitching for University of Nebraska Cornhuskers : RHP Ferdi Limburg
|
Pitching: RHP Jorge Morales
|
|
Pinch Hitting: RHB Rewa Havika
|
0-0: Foul Ball, location: 2F 0-1: Ball 1-1: SINGLE (Line Drive, 89S, EV 86.9 MPH)
|
Batting: RHB Pita Arnurna
|
0-0: Bunt missed! 0-1: Bunt missed! 0-2: Ball 1-2: 2-RUN HOME RUN (Flyball, 7D, EV 98.1 MPH), Distance : 371 ft
|
Batting: RHB Justin Degon
|
0-0: SINGLE (Groundball, 6D, EV 100.0 MPH)
|
Batting: LHB Dave Aguilar
|
0-0: Ball 1-0: Bunted foul 1-1: Called Strike Justin Degon steals 2nd base 1-2: SINGLE (Groundball, 6, EV 94.4 MPH) Justin Degon to third
|
Batting: LHB Taro Inamine
|
0-0: Ball 1-0: Foul Ball, location: 2F 1-1: Swinging Strike 1-2: Ball 2-2: Ball 3-2: Strikes out looking
|
Batting: SHB Mario Barajas
|
0-0: Ball 1-0: Reached on error, E5 (Groundball, 56S, EV 75.0 MPH) Justin Degon scores Dave Aguilar to second
|
Batting: LHB Ed Leighton
|
0-0: Ball 1-0: Foul Ball, location: 2F 1-1: SINGLE (Line Drive, 5D, EV 98.8 MPH) Dave Aguilar to third Mario Barajas to second Runner from 3rd tries for Home, SAFE, throw by LF to home
|
Pitching: RHP Charlie Lutz
|
|
Batting: LHB John Bergeron
|
0-0: Called Strike 0-1: Called Strike 0-2: Foul Ball, location: 2F 0-2: Foul Ball, location: 2F 0-2: Ball 1-2: Strikes out swinging
|
Batting: LHB John Knox
|
0-0: Ball 1-0: Swinging Strike 1-1: Called Strike 1-2: Ball 2-2: Strikes out swinging
|
Top of the 9th over - 4 runs, 5 hits, 1 error, 2 left on base; University of Maine 6 - University of Nebraska 3 |
BOTTOM OF THE 9TH |
University of Nebraska Cornhuskers batting - Pitching for University of Maine Black Bears : RHP Ivano Benincasa
|
Pitching: RHP Ik-jun Jahng
|
|
Now in LF: Rewa Havika
|
|
Now in CF: John Knox
|
|
Batting: LHB Mike Rawson
|
0-0: Ball 1-0: Ball 2-0: Called Strike 2-1: Swinging Strike 2-2: Foul Ball, location: 2F 2-2: Ground out 6-3 (Groundball, 6, EV 83.1 MPH)
|
Batting: LHB Alfonso Escalante
|
0-0: Ball 1-0: Ball 2-0: Called Strike 2-1: Ball 3-1: Fly out, F9 (Flyball, 89M, EV 95.0 MPH)
|
Batting: LHB Avicenna Abdul-Muta'al
|
0-0: Called Strike 0-1: Called Strike 0-2: Ball 1-2: Strikes out swinging
|
Bottom of the 9th over - 0 runs, 0 hits, 0 errors, 0 left on base; University of Maine 6 - University of Nebraska 3 |
|